 Dungeon Crawl Stone Soup version 0.22.1-1-ga44c0e5 (webtiles) character file.

2056 harcile the Slasher (level 9, -9/75 HPs)
             Began as a Hill Orc Fighter on Oct 26, 2018.
             Was a Believer of Okawaru.
             Mangled by Pikel
             ... wielding a +2 whip of electrocution
              (17 damage)
             ... on level 7 of the Dungeon.
             The game lasted 00:25:53 (6978 turns).

harcile the Slasher (Hill Orc Fighter)              Turns: 6978, Time: 00:25:54

Health: -9/75      AC: 28    Str: 26    XL:     9   Next: 25%
Magic:  9/9        EV:  8    Int:  8    God:    Okawaru [**....]
Gold:   199        SH: 11    Dex: 12    Spells: 8/8 levels left

rFire    . . .     SeeInvis +   b - +2 falchion (protect)
rCold    + . .     Gourm    .   A - +0 shield
rNeg     . . .     Faith    .   C - +6 chain mail of Terror {rC+ Str+6 SInv}
rPois    .         Spirit   .   E - +2 helmet {SInv}
rElec    .         Reflect  .   (no cloak)
rCorr    .         Harm     .   s - +0 pair of gloves
MR       .....                  (no boots)
Stlth    ..........             K - amulet of regeneration
HPRegen  0.62/turn              (no ring)
MPRegen  0.11/turn              (no ring)

@: protection aura
A: no striking features
a: Heroism, Renounce Religion


You were on level 7 of the Dungeon.
You worshipped Okawaru.
Okawaru was pleased with you.
You were hungry.

You visited 2 branches of the dungeon, and saw 8 of its levels.

You collected 349 gold pieces.
You spent 150 gold pieces at shops.

Inventory:

Hand Weapons
 a - a +0 long sword
 b - a +2 falchion of protection (weapon)
 g - a +0 long sword
 i - a +2 dagger of speed
Armour
 c - a +0 shield
 r - a +1 leather armour of magic resistance
 s - a +0 pair of gloves (worn)
 A - a +0 shield (worn)
 C - the +6 chain mail of Terror (worn) {rC+ Str+6 SInv}
   (You found it on level 4 of the Dungeon)

   It affects your strength (+6).
   It protects you from cold.
   It lets you see invisible.
 E - a +2 helmet of see invisible (worn)
 I - a +1 hat
Jewellery
 t - an uncursed amulet of guardian spirit
 H - the ring "Ficles" {*Tele Int+6 Dex-5}
   (You found it on level 5 of the Dungeon)

   [ring of teleportation]

   It may teleport you next to monsters.
   It affects your intelligence (+6).
   It affects your dexterity (-5).
 K - an amulet of regeneration (around neck)
Wands
 B - a wand of flame (27)
Scrolls
 e - 2 scrolls of amnesia {unknown}
 h - 5 scrolls of remove curse
 j - a scroll of blinking {unknown}
 m - 5 scrolls of identify {unknown}
 n - 8 scrolls of teleportation {unknown}
 o - 3 scrolls of fear {unknown}
 p - a scroll of random uselessness {unknown}
 q - a scroll of enchant armour {unknown}
 u - a scroll of magic mapping {unknown}
 x - a scroll of fog {unknown}
 y - 4 scrolls of enchant weapon {unknown}
 D - a scroll of noise {unknown}
 F - a scroll of immolation {unknown}
Potions
 d - 4 potions of might
 k - 3 potions of magic
 l - a potion of agility
 v - a potion of cancellation {unknown}
 w - 6 potions of curing
 z - 2 potions of mutation {unknown}
 G - 2 potions of haste
Comestibles
 f - 16 rations
 J - 13 chunks of flesh


   Skills:
 + Level 6.2 Fighting
 + Level 7.6 Long Blades
 + Level 6.9 Armour
 - Level 2.0 Dodging
 + Level 7.6 Shields


You had 8 spell levels left.
You didn't know any spells.
Your spell library was empty.

Dungeon Overview and Level Annotations

Branches:
Dungeon (7/15)             Temple (1/1) D:5

Altars:
Ashenzari
Cheibriados
Dithmenos
Elyvilon
Fedhas
Gozag
Hepliaklqana
Kikubaaqudgha
Makhleb
Okawaru
Qazlal
Ru
Sif Muna
Uskayaw
Vehumet
Wu Jian
Xom
Yredelemnul
Zin
The Shining One

Shops:
D:4 *   D:5 [

Annotations:
D:7 Pikel


Message History

You are electrocuted!
* * * LOW HITPOINT WARNING * * *
The slave barely misses you.
You riposte.
You completely miss the slave. The slave hits you but does no damage.
You closely miss Pikel.
Pikel is almost dead.
You block the slave's attack. You block Pikel's attack.
The slave hits you but does no damage. x2
You closely miss Pikel.
Pikel is almost dead.
The slave hits you but does no damage. Pikel hits you but does no damage.
You are electrocuted!
* * * LOW HITPOINT WARNING * * *
The slave hits you but does no damage. You block the slave's attack.
The crimson imp blinks!
You barely miss Pikel.
Pikel is almost dead.
You block the slave's attack. Pikel hits you but does no damage.
You are electrocuted!
You die...

.........#
#....
.........#
#.###
.........# #.#
# .$.......#
######.# #
.........#
#....#.# #
.........#
#.##..(#
..5.....p#
#.######
......§pp#####
#.....#
###...ZK@p...#
#..##.#
##########.#
#.....# #.#
##.####
#.####.#
#.#....#
#.#.#### #.#.#
#...# #####


You could see Pikel, 4 slaves, a crimson imp and a quokka zombie.

Vanquished Creatures
  Prince Ribbit (D:5)
  A hippogriff (D:7)
  Eustachio (D:4)
  A black bear (D:7)
  2 ogres
  A phantom (D:5)
  A centaur (D:6)
  A bullfrog (D:6)
  2 scorpions
  A water moccasin skeleton (D:5)
  5 killer bees (D:5)
  A bullfrog zombie (D:6)
  A centaur zombie (D:5)
  4 orc wizards
  2 orc priests
  4 hounds
  A gnoll shaman (D:5)
  Terence (D:2)
  A worker ant (D:6)
  5 gnolls (D:5)
  8 adders
  2 adder zombies
  3 worms
  2 dart slugs (D:1)
  3 leopard geckos
  16 orcs
  2 ball pythons
  6 bats
  7 giant cockroaches
  6 goblins
  17 hobgoblins
  5 jackals (D:3)
  4 quokkas
  6 frilled lizards
  9 kobolds
  2 leopard gecko skeletons
  A leopard gecko zombie (D:5)
  A quokka skeleton (D:4)
  9 rats
  3 bushes (D:1)
  3 plants (D:1)
152 creatures vanquished.

Notes
Turn   | Place    | Note
-------+----------+-------------------------------------------
     0 | D:1      | harcile the Hill Orc Fighter began the quest for the Orb.
     0 | D:1      | Reached XP level 1. HP: 19/19 MP: 1/1
   105 | D:1      | Reached XP level 2. HP: 27/27 MP: 2/2
   490 | D:1      | Reached XP level 3. HP: 31/33 MP: 3/3
  1338 | D:2      | Noticed Terence
  1349 | D:2      | Killed Terence
  1349 | D:2      | Reached XP level 4. HP: 25/41 MP: 4/4
  1868 | D:2      | Reached XP level 5. HP: 46/47 MP: 5/5
  2569 | D:3      | Reached XP level 6. HP: 46/55 MP: 6/6
  2684 | D:3      | Found a shimmering altar of Xom.
  2685 | D:3      | Found a shimmering altar of Xom.
  2686 | D:3      | Found a shimmering altar of Xom.
  2689 | D:3      | Found a shimmering altar of Xom.
  2945 | D:4      | Found Imnopt's General Store.
  2982 | D:4      | Reached skill level 5 in Fighting
  2982 | D:4      | HP: 4/84 [hound (2)]
  2990 | D:4      | HP: 3/84 [hound (2)]
  2995 | D:4      | Reached skill level 1 in Dodging
  3486 | D:4      | Reached skill level 5 in Long Blades
  3486 | D:4      | Reached XP level 7. HP: 57/61 MP: 7/7
  3510 | D:4      | Noticed Eustachio
  3647 | D:4      | Reached skill level 5 in Shields
  3667 | D:4      | Got a slimy chain mail
  3681 | D:4      | Identified the +6 chain mail of Terror {rC+ Str+6 SInv}
                  | (You found it on level 4 of the Dungeon)
  3753 | D:4      | Killed Eustachio
  3753 | D:4      | Reached skill level 5 in Armour
  3870 | D:4      | Found a radiant altar of Vehumet.
  3871 | D:4      | Found a stormy altar of Qazlal.
  3871 | D:4      | Found a burning altar of Makhleb.
  3872 | D:4      | Found a white marble altar of Elyvilon.
  3873 | D:4      | Found a hazy altar of Hepliaklqana.
  3877 | D:4      | Found an opulent altar of Gozag.
  4215 | D:5      | Entered Level 5 of the Dungeon
  4265 | D:5      | Found a basalt altar of Yredelemnul.
  4380 | D:5      | Reached XP level 8. HP: 58/69 MP: 6/8
  4796 | D:5      | Found a staircase to the Ecumenical Temple.
  4803 | Temple   | Entered the Ecumenical Temple
  4974 | Temple   | Became a worshipper of Warmaster Okawaru
  5187 | D:5      | Found Difinkett's Antique Armour Emporium.
  5191 | D:5      | Bought a glowing helmet for 150 gold pieces
  5371 | D:5      | Got a warped tin ring
  5372 | D:5      | Identified the ring "Ficles" {*Tele Int+6 Dex-5} (You found
                  | it on level 5 of the Dungeon)
  5408 | D:5      | Noticed Prince Ribbit
  6119 | D:5      | Killed Prince Ribbit
  6119 | D:5      | Reached * piety under Okawaru
  6287 | D:6      | Reached XP level 9. HP: 52/75 MP: 7/9
  6890 | D:7      | Reached ** piety under Okawaru
  6943 | D:7      | Noticed Pikel
  6978 | D:7      | Mangled by Pikel

Skill      XL: |  1  2  3  4  5  6  7  8 |
---------------+-------------------------+-----
Fighting       | 4 5 6 |  6.2
Long Blades    | 3 4 5 7 |  7.6
Armour         | 4 5 6 |  6.9
Shields        | 4 5 7 |  7.6
Dodging        | 1 2 |  2.0

Action                   |  1- 3 |  4- 6 |  7- 9 || total
-------------------------+-------+-------+-------++-------
Melee: Long sword        |   352 |   268 |    81 ||   701
       Falchion          |       |       |   351 ||   351
  Use: Potion            |       |     7 |       ||     7
       Scroll            |       |     1 |       ||     1
  Eat: Chunk             |     2 |     8 |     8 ||    18
       Ration            |       |       |     1 ||     1
Armor: Scale mail        |    38 |    54 |       ||    92
       Plate armour      |       |    50 |    95 ||   145
       Skin              |       |    30 |       ||    30
       Chain mail        |       |       |   243 ||   243
Dodge: Dodged            |    23 |    62 |   133 ||   218
Block: Shield            |    54 |   131 |   301 ||   486
       Rpst.: Long sword |     6 |    15 |     4 ||    25
       Falchion          |       |       |    32 ||    32
